 Dungeon Crawl Stone Soup version 0.31-a0-175-g9f7f995f2b (webtiles) character file.

Game seed: 5078239116143044334

48 Hubris850 the Stinger (level 3, -1/18 HPs)
             Began as a Tengu Venom Mage on June 16, 2023.
             Was a Follower of Hepliaklqana.
             Slain by Natasha (2 damage)
             ... on level 2 of the Dungeon.
             The game lasted 00:02:38 (1088 turns).

Hubris850 the Stinger (Tengu Venom Mage)            Turns: 1088, Time: 00:02:39

Health: -1/18      AC:  5    Str: 10    XL:     3   Next: 72%
Magic:  1/7        EV: 12    Int: 18    God:    Hepliaklqana [*.....]
Gold:   78         SH:  0    Dex: 14    Spells: 5/6 levels left

rFire   . . .        h - +0 short sword
rCold   . . .        (no shield)
rNeg    . . .        o - +0 leather armour
rPois   .            g - +1 hat {Int+3}
rElec   .            (no cloak)
rCorr   .            m - +0 pair of gloves
SInv    .            (boots unavailable)
Will    .....        (no amulet)
Stlth   ++           k - ring of flight
HPRegen 0.23/turn    (no ring)
MPRegen 0.10/turn

%: no passive effects
@: flying, very slightly contaminated, slowed, very slow
A: reduced essence, beak, talons 3
a: Renounce Religion, Recall Ancestor, Ancestor Identity


You were on level 2 of the Dungeon.
You worshipped Hepliaklqana.
Hepliaklqana was aware of your devotion.
You visited 1 branch of the dungeon, and saw 2 of its levels.

You collected 78 gold pieces.

Inventory:

Hand Weapons
 f - a +0 club
 h - a +0 short sword (weapon)
Armour
 a - a +0 robe
 g - a +1 hat of intelligence (worn)
 m - a +0 pair of gloves (worn)
 o - a +0 leather armour (worn)
Jewellery
 k - a ring of flight (left hand)
Scrolls
 d - a scroll of fog {unknown}
 e - a scroll of blinking {unknown}
 i - a scroll of revelation {unknown}
 l - a scroll of teleportation {unknown}
 n - a scroll of immolation {unknown}
 p - 3 scrolls of identify {unknown}
Potions
 b - a potion of magic
 c - 3 potions of heal wounds {unknown}
 j - a potion of might {unknown}


   Skills:
 + Level 1.3 Fighting
 + Level 2.8 Dodging
 + Level 2.7 Stealth
 - Level 2.0 Spellcasting
 - Level 0.7 Transmutations
 + Level 3.4 Poison Magic


You had 5 spell levels left.
You knew the following spells:

 Your Spells              Type           Power      Damage    Failure   Level
a - Sting                 Tmut/Pois      36%        1d4       11%         1

Your spell library contained the following spells:

 Spells                   Type           Power      Damage    Failure   Level
 Poisonous Vapours        Pois/Air       14%        N/A       19%         2
 Mephitic Cloud           Conj/Pois/Air  5%         N/A       43%         3
 Olgreb's Toxic Radiance  Pois           14%        N/A       52%         4


Dungeon Overview and Level Annotations

Branches:
Dungeon (2/15)

Altars:
Hepliaklqana

Annotations:
D:2 Natasha


Innate Abilities, Weirdness & Mutations

Your life essence is reduced to manifest your ancestor. (-10% HP)
You have a beak for a mouth.
You have claws for feet.


Message History

You are too injured to fight recklessly!
You are too injured to fight recklessly!
Casting: Sting (safe; 11% risk of failure)
Confirm with . or Enter, or press ? or * to list all spells.
Aiming: Sting (safe; 11% risk of failure)
Press: ? - help, Shift-Dir - straight line, f/p - Natasha
Aim: Natasha (lightly wounded, poisoned, ally target, 60% to hit)
The sting hits Natasha.
Natasha looks even sicker.
Natasha is moderately wounded.
The giant cockroach barely misses you.
Natasha howls an incantation.
You feel troubled. Natasha claws you but does no damage.
The giant cockroach misses you.
Casting: Sting (safe; 11% risk of failure)
Confirm with . or Enter, or press ? or * to list all spells.
Aiming: Sting (safe; 11% risk of failure)
Press: ? - help, Shift-Dir - straight line, f/p - Natasha
Aim: Natasha (moderately wounded, very poisoned, ally target, 60% to hit)
The sting hits Natasha.
Natasha looks even sicker.
Natasha is moderately wounded.
Natasha barely misses you. The giant cockroach barely misses you.
Natasha misses you.
The giant cockroach bites you but does no damage.
Casting: Sting (safe; 11% risk of failure)
Confirm with . or Enter, or press ? or * to list all spells.
Aiming: Sting (safe; 11% risk of failure)
Press: ? - help, Shift-Dir - straight line, f/p - Natasha
Aim: Natasha (moderately wounded, very poisoned, ally target, 60% to hit)
The sting misses Natasha.
The giant cockroach barely misses you.
Natasha mumbles some strange words.
Unknown command.
You closely miss Natasha. Your kick misses Natasha.
You peck Natasha, but do no damage.
Natasha is almost dead.
The giant cockroach bites you but does no damage.
Natasha claws you. The giant cockroach bites you.
The cerulean imp hits you with a +1 spear.
* * * LOW HITPOINT WARNING * * *
Natasha claws you.
You die...

##. ......#..## ###
.....##..<.....# ####..
........#.....#####.....
..^.... ##..........##.#
.......................#
..........##.#.#.#........
#..........................
...........##..#.#.#........
..........5@B...............
..........h#R..##....#######
...........#..####.#.....#
...........#.## #.##....#
.............# #.###...#
#.....†.....# #..##.†.#
##........### ##.##...#
...#.....##########.########
......................<.....


You could see the friendly Slaver the ancestor, Natasha (very poisoned, ally
target), a cerulean imp (summoned) and a giant cockroach.

Vanquished Creatures
  Natasha (D:2)
  An adder (D:2)
  2 bats
  An endoplasm (D:1)
  3 goblins (D:1)
  2 hobgoblins (D:1)
  A ball python (D:1)
  A kobold (D:1)
  2 rats
14 creatures vanquished.

Notes
Turn   | Place    | Note
-------+----------+-------------------------------------------
     0 | D:1      | Hubris850 the Tengu Venom Mage began the quest for the Orb.
     0 | D:1      | Reached XP level 1. HP: 10/10 MP: 4/4
   191 | D:1      | Reached XP level 2. HP: 16/16 MP: 6/6
   598 | D:1      | Found a faded altar of an unknown god.
   601 | D:1      | Prayed at the altar of an unknown god.
   601 | D:1      | Became a worshipper of Hepliaklqana the Forgotten
   601 | D:1      | Reached * piety under Hepliaklqana
   876 | D:2      | Reached skill level 1 in Fighting
   994 | D:2      | Noticed Natasha
  1003 | D:2      | Killed Natasha
  1004 | D:2      | Reached XP level 3. HP: 11/18 MP: 0/7
  1078 | D:2      | Noticed Natasha
  1088 | D:2      | Slain by Natasha

Illustrated notes

Levels and vault maps discovered:
D:1:      giann_forest_graveyard, layout_basic,
          hellmonk_ecumenical_altar_inner_sanctum, corner_web_ring,
          minivault_25, grunt_decor_fettered, hangedman_decor_clover_reticule
D:2:      layout_rooms, minmay_fountain_box, uniq_natasha

Skill      XL: |  1  2 |
---------------+-------+-----
Fighting       | 1 |  1.3
Dodging        | |  2.8
Stealth        | |  2.7
Spellcasting   | |  2.0
Transmutations | |  0.7
Poison Magic   | |  3.4

Action                     || total
---------------------------++-------
  Melee: Club              ||     6
         Unarmed           ||     4
         Peck              ||     7
         Kick              ||     4
         Short sword       ||    15
   Cast: Sting             ||    17
 Invoke: Ancestor Identity ||     1
   Stab: Sleeping          ||     5
 Armour: Robe              ||     6
         Leather armour    ||     4
  Dodge: Dodged            ||    23

Table legend: (Time is in decaauts)
 A = Elapsed time spent in this place.
 B = Non-inter-level travel time spent in this place.
 C = Inter-level travel time spent in this place.
 D = Time resting spent in this place.
 E = Time spent auto-exploring this place.
 F = Levels seen in this place.
 G = Mean time per level.
                   A        B        C        D        E       F      G
               +--------+--------+--------+--------+--------+-----+--------+
         Total |   1092 |   1054 |     38 |     40 |    824 |   2 |  546.0 |
       Dungeon |   1092 |   1054 |     38 |     40 |    824 |   2 |  546.0 |
               +--------+--------+--------+--------+--------+-----+--------+

Top non-repeatable levels by time:
     D:1: 775 daAuts
     D:2: 317 daAuts
